 Dungeon Sprint DCSS version 0.28-a0-476-g0f06bd746f (webtiles) character file.

Game seed: 3814708400406699671

109 dduke234 the Skirmisher (level 4, -2/43 HPs)
             Began as a Demonspawn Fighter on Sept 16, 2021.
             Slain by Sigmund (4 damage)
             ... in the Dungeon (Sprint I: "Red Sonja").
             The game lasted 00:00:35 (29 turns).

dduke234 the Skirmisher (Demonspawn Fighter)          Turns: 29, Time: 00:00:36

Health: -2/43      AC:  7    Str: 17    XL:     4   Next: 60%
Magic:  4/4        EV:  9    Int: 10    God:
Gold:   0          SH:  5    Dex: 12    Spells: 3/3 levels left

rFire   . . .      SeeInvis .   a - +0 long sword
rCold   . . .      Faith    .   c - +0 buckler
rNeg    . . .      Spirit   .   b - +0 scale mail
rPois   .          Reflect  .   (helmet restricted)
rElec   .          Harm     .   (no cloak)
rCorr   .          Rampage  .   (no gloves)
Will    .....      NoTele   +   (no boots)
Stlth   ..........              (no amulet)
HPRegen 0.14/turn               (no ring)
MPRegen 0.09/turn               (no ring)

@: mighty, on berserk cooldown, slowed, very slow
A: antennae 2
a: no special abilities


You were in the Dungeon.
You visited 1 branch

Inventory:

Hand Weapons
 a - a +0 long sword (weapon)
Armour
 b - a +0 scale mail (worn)
 c - a +0 buckler (worn)
Scrolls
 j - a scroll of blinking
Potions
 e - a potion of curing
 g - a potion of haste
 h - 2 potions of magic


   Skills:
 * Level 7.0 Fighting
 + Level 2.9 Long Blades
 + Level 4.8 Armour
 + Level 4.6 Shields


You had 3 spell levels left.
You didn't know any spells.
Your spell library was empty.

Dungeon Overview and Level Annotations

Branches:
Dungeon (1/1)

Altars:

Annotations:
D Sigmund


Innate Abilities, Weirdness & Mutations

You have a pair of antennae on your head.


Message History

You feel clever.
Your demonic ancestry asserts itself...
The antennae on your head grow some more.
You see here a +0 giant spiked club.
You feel a strong urge to attack something.
You are no longer berserk.
You are exhausted.
You feel yourself slow down.
You open the door.
Sigmund the Dreaded comes into view.
He is wielding a +1 vampiric scythe.
Sigmund shouts!
Sigmund hits you with a +1 vampiric scythe!
* * * LOW HITPOINT WARNING * * *
There is an open door here.
You closely miss Sigmund. Sigmund gestures at you while chanting.
You resist with some effort. Sigmund misses you.
You slash Sigmund!
Sigmund is heavily wounded.
Sigmund hits you with a +1 vampiric scythe!
* * * LOW HITPOINT WARNING * * *
Sigmund draws strength from your wounds!
You feel much better.
Sigmund hits you with a +1 vampiric scythe.
You slash Sigmund!
Sigmund is almost dead.
Sigmund points at you and mumbles some strange words.
You are confused.
Sigmund hits you with a +1 vampiric scythe!
* * * LOW HITPOINT WARNING * * *
Sigmund draws strength from your wounds!
You bump into the rock wall.
Sigmund closely misses you. Sigmund hits you but does no damage.
Sigmund closely misses you.
You're too confused to move!
You feel less confused.
Sigmund hits you with a +1 vampiric scythe!
* * * LOW HITPOINT WARNING * * *
Unknown command.
Sigmund hits you with a +1 vampiric scythe.
You die...

#############
#<.#..').#..+
#..').#.@@..#
#..#####+####
#..# #..#
#..# #⌠⌠#
####


You could see Sigmund.

Vanquished Creatures
  An ogre (D)
  Ijyb (D)
2 creatures vanquished.

Notes
Turn   | Place    | Note
-------+----------+-------------------------------------------
     0 | D        | dduke234 the Demonspawn Fighter began the quest for the
                  | Orb.
     0 | D        | Reached XP level 1. HP: 18/18 MP: 1/1
     1 | D        | Noticed Ijyb
     6 | D        | Killed Ijyb
     7 | D        | Reached skill level 5 in Fighting
     7 | D        | Gained mutation: You have a pair of small antennae on your
                  | head. [demonic ancestry]
     7 | D        | Reached XP level 2. HP: 27/27 MP: 2/2
    10 | D        | Noticed an ogre
    14 | D        | Killed an ogre
    15 | D        | Reached skill level 7 in Fighting
    15 | D        | Reached XP level 3. HP: 26/36 MP: 3/3
    15 | D        | Gained mutation: You have a pair of antennae on your head.
                  | [demonic ancestry]
    15 | D        | Reached XP level 4. HP: 31/43 MP: 4/4
    18 | D        | Noticed Sigmund
    28 | D        | HP: 2/43 [Sigmund (10)]
    29 | D        | Slain by Sigmund

Illustrated notes

Levels and vault maps discovered:
D:        dungeon_sprint_1 [red_sonja_temple_1, red_sonja_temple_small_1]

Skill      XL: |  1  2 |
---------------+-------+-----
Fighting       | 5 7 |  7.0
Long Blades    | 2 |  2.9
Armour         | 3 4 |  4.8
Shields        | 3 4 |  4.6

Action                   |  1- 3 |  4- 6 || total
-------------------------+-------+-------++-------
Melee: Long sword        |     5 |     3 ||     8
  Use: Potion            |     2 |     1 ||     3
Armor: Scale mail        |     4 |     1 ||     5
Dodge: Dodged            |     1 |     3 ||     4

Table legend: (Time is in decaauts)
 A = Elapsed time spent in this place.
 B = Non-inter-level travel time spent in this place.
 C = Inter-level travel time spent in this place.
 D = Time resting spent in this place.
 E = Time spent auto-exploring this place.
 F = Levels seen in this place.
 G = Mean time per level.
                   A        B        C        D        E       F      G
               +--------+--------+--------+--------+--------+-----+--------+
         Total |     35 |     35 |      0 |      0 |      1 |   1 |   35.0 |
       Dungeon |     35 |     35 |      0 |      0 |      1 |   1 |   35.0 |
               +--------+--------+--------+--------+--------+-----+--------+

Top non-repeatable levels by time:
       D: 35 daAuts
